 Dungeon Crawl Stone Soup version 0.24-a0-125-gdf02491 (console) character file.

Game seed: 0

429 Duffy the Firebug (level 6, -2/49 HPs)
             Began as a Naga Fire Elementalist on Feb 23, 2019.
             Slain by an orc
             ... wielding a +0 hand axe
              (7 damage)
             ... on level 3 of the Dungeon.
             The game lasted 00:03:47 (3822 turns).

Duffy the Firebug (Naga Fire Elementalist)          Turns: 3822, Time: 00:03:48

Health: -2/49      AC:  4    Str: 10    XL:     6   Next: 98%
Magic:  5/11       EV: 10    Int: 17    God:
Gold:   264        SH:  0    Dex: 12    Spells: 4/12 levels left

rFire    . . .     SeeInvis +   i - +2 dagger (venom)
rCold    . . .     Gourm    .   (no shield)
rNeg     . . .     Faith    .   a - +0 robe
rPois    +         Spirit   .   p - +0 helmet
rElec    .         Reflect  .   (no cloak)
rCorr    .         Harm     .   (no gloves)
MR       .....                  (no barding)
Stlth    ++........             (no amulet)
HPRegen  0.16/turn              (no ring)
MPRegen  0.12/turn              (no ring)

@: very slow
A: large, see invisible, deformed body, poison resistance, slowness 2, slow
metabolism 1, spit poison 1, AC +2
a: Spit Poison


You were on level 3 of the Dungeon.
You were not hungry.

You visited 1 branch of the dungeon, and saw 3 of its levels.

You collected 264 gold pieces.

Inventory:

Hand Weapons
 f - a +0 spear
 i - a +2 dagger of venom (weapon)
Armour
 a - a +0 robe (worn)
 p - a +0 helmet (worn)
Wands
 m - a wand of enslavement (4)
Scrolls
 d - a scroll of remove curse {unknown}
 g - a scroll of amnesia {unknown}
 k - a scroll of random uselessness {unknown}
 l - a scroll of teleportation {unknown}
 n - a scroll of identify {unknown}
 r - a scroll of fog {unknown}
 s - a scroll of enchant armour {unknown}
Potions
 b - 2 potions of heal wounds {unknown}
 e - 3 potions of flight {unknown}
 h - a potion of degeneration {unknown}
 j - a potion of mutation {unknown}
 o - 2 potions of magic {unknown}
Comestibles
 c - 2 rations


   Skills:
 - Level 1.5 Dodging
 - Level 3.0 Stealth
 + Level 3.7 Spellcasting
 + Level 4.6 Conjurations
 + Level 4.7 Fire Magic


You had 4 spell levels left.
You knew the following spells:

 Your Spells              Type           Power        Failure   Level  Hunger
h - Flame Tongue          Conj/Fire      ###..        2%          1    None
j - Sticky Flame          Conj/Fire      ###.....     24%         4    ####...
l - Conjure Flame         Conj/Fire      ###.....     7%          3    ###....

Your spell library contained the following spells:

 Spells                   Type           Power        Failure   Level  Hunger
 Throw Flame              Conj/Fire      ###...       3%          2    ##.....
 Inner Flame              Hex/Fire       ##......     19%         3    ###....
 Fireball                 Conj/Fire      ###.......   54%         5    ######.


Dungeon Overview and Level Annotations

Branches:
Dungeon (3/15)

Altars:


Innate Abilities, Weirdness & Mutations

You cannot wear boots.
Your serpentine skin is tough. (AC +2)
You have supernaturally acute eyesight. (SInv)
Armour fits poorly on your strangely shaped body.
Your system is resistant to poisons. (rPois)
You cover ground very slowly.
You have a slow metabolism.
You can spit poison.


Message History

The sticky flame hits Sigmund.
Sigmund resists.
Sigmund is almost dead.
Sigmund is covered in liquid flames!
Sigmund burns!
You kill Sigmund!
An orc comes into view. It is wielding a +0 hand axe.
Cast which spell? (? or * to list)
Aiming: Flame Tongue (safe; 2% risk of failure)
Press: ? - help, Shift-Dir - straight line, f - orc
Aim: an orc, wielding a +0 hand axe The flame tongue hits the orc.
The orc is lightly wounded.
The orc closely misses you.
Cast which spell? (? or * to list)
Aiming: Flame Tongue (safe; 2% risk of failure)
Press: ? - help, Shift-Dir - straight line, f/p - orc
Aim: an orc, wielding a +0 hand axe (lightly wounded)
The flame tongue hits the orc.
The orc is almost dead.
The orc hits you with a +0 hand axe!
You die...

. ## # ... # ..# # #.# #
### #.###. # ..#
#.#.###.##. #.##### #.####
#......... ......#
#.....###@..$.# #.###.#
#@#.###### ..# #.# ##o##
.## #.# #.#
..###.############.#
...................#
....#............#.######
..........###.#...........
....#####....###...#######
...## ####.#.####


You could see an orc.

Vanquished Creatures
  Sigmund (D:3)
  A howler monkey (D:3)
  Ijyb (D:3)
  A worker ant (D:3)
  Terence (D:3)
  Robin (D:2)
  A gnoll (D:2)
  2 adders (D:3)
  4 worms
  3 dart slugs (D:2)
  A leopard gecko (D:2)
  6 orcs (D:3)
  4 giant cockroaches
  17 goblins
  15 hobgoblins
  8 jackals
  7 kobolds
  A quokka (D:2)
  4 ball pythons
  7 bats
  5 frilled lizards
  10 rats
101 creatures vanquished.

Notes
Turn   | Place    | Note
-------+----------+-------------------------------------------
     0 | D:1      | Duffy the Naga Fire Elementalist began the quest for the
                  | Orb.
     0 | D:1      | Reached XP level 1. HP: 15/15 MP: 3/3
   206 | D:1      | Reached XP level 2. HP: 22/22 MP: 3/5
   763 | D:1      | Reached XP level 3. HP: 19/28 MP: 1/6
   783 | D:1      | Learned a level 3 spell: Conjure Flame
  1744 | D:2      | Noticed Robin
  1755 | D:3      | Noticed Ijyb
  1771 | D:3      | Killed Ijyb
  1771 | D:3      | Reached XP level 4. HP: 19/36 MP: 0/7
  2322 | D:2      | Reached XP level 5. HP: 23/42 MP: 1/9
  2749 | D:2      | Killed Robin
  3191 | D:3      | Learned a level 4 spell: Sticky Flame
  3281 | D:3      | Noticed Terence
  3298 | D:3      | Killed Terence
  3529 | D:3      | Reached XP level 6. HP: 49/49 MP: 4/10
  3798 | D:3      | Noticed Sigmund
  3820 | D:3      | Killed Sigmund
  3822 | D:3      | Slain by an orc

Levels and vault maps discovered:
D:1:      elethiomel_arrival_maze, layout_basic, st_stairs_3
D:2:      layout_rooms, minmay_fractal_squares_5, uniq_robin
D:3:      layout_loops_ring, uniq_ijyb, uniq_crazy_yiuf_cottage, uniq_terence,
          uniq_sigmund

Skill      XL: |  1  2  3  4  5 |
---------------+----------------+-----
Conjurations   | 2 3 4 |  4.6
Spellcasting   | 3 |  3.7
Fire Magic     | 4 |  4.7
Dodging        | |  1.5
Stealth        | |  3.0

Action                   |  1- 3 |  4- 6 || total
-------------------------+-------+-------++-------
Melee: Dagger            |    31 |   131 ||   162
       Spear             |    16 |       ||    16
 Cast: Flame Tongue      |    27 |    46 ||    73
       Sticky Flame      |       |     1 ||     1
 Abil: Spit Poison       |    18 |     1 ||    19
 Stab: Sleeping          |     3 |       ||     3
  Eat: Chunk             |     3 |     5 ||     8
Armor: Robe              |    19 |    42 ||    61
Dodge: Dodged            |    42 |   129 ||   171

Table legend:
 A = Non-vault XP
 B = Vault XP
 C = Vault XP percentage of total XP
 D = Non-vault monster count
 E = Vault monster count
 F = Vault count percentage of total count
                 A         B        C        D         E       F
            +---------+---------+-------+---------+---------+-------
      Total |     257 |     356 |  58.1 |      75 |      26 |  25.7
            +---------+---------+-------+---------+---------+-------
        D:1 |      39 |       5 |  11.4 |      24 |       3 |  11.1
        D:2 |      71 |      49 |  40.8 |      34 |      13 |  27.7
        D:3 |     147 |     302 |  67.3 |      17 |      10 |  37.0
            +---------+---------+-------+---------+---------+-------
